 Dungeon Sprint DCSS version 0.31-a0-18-gea43df2a32 (webtiles) character file.

Game seed: 7688342567486234446

3513 bmack86 the Severer (level 9, -1/93 HPs)
             Began as a Minotaur Berserker on May 11, 2023.
             Was an Elder of Trog.
             Slain by a redback (13 damage)
             ... in the Dungeon (Sprint I: "Red Sonja").
             The game lasted 00:07:28 (887 turns).

bmack86 the Severer (Minotaur Berserker)             Turns: 887, Time: 00:07:29

Health: -1/93      AC: 11    Str: 26    XL:     9   Next: 81%
Magic:  8/8        EV: 11    Int:  4    God:    Trog [****..]
Gold:   392        SH:  0    Dex: 10    Spells: 8/8 levels left

rFire   . . .        a - +0 hand axe
rCold   . . .        (no shield)
rNeg    . . .        r - +0 scale mail
rPois   .            (helmet restricted)
rElec   +            o - +0 cloak {Stlth+}
rCorr   .            (no gloves)
SInv    .            (no boots)
Will    .....        k - amulet of the Air {Inacc Air Fly rElec RMsl}
Stlth   +            (no ring)
HPRegen 0.35/turn    (no ring)
MPRegen 0.11/turn

%: no teleportation, repel missiles
@: lethally poisoned (-1 -> -5), on berserk cooldown, flying, hasted and slowed
A: horns 2, retaliatory headbutt
a: Renounce Religion, Berserk, Trog's Hand, Brothers in Arms


You were in the Dungeon.
You worshipped Trog.
Trog was greatly pleased with you.
You visited 1 branch You collected 954 gold pieces.
You spent 562 gold pieces at shops.

Inventory:

Hand Weapons
 a - a +0 hand axe (weapon)
Missiles
 q - 4 curare-tipped darts
Armour
 b - a +0 animal skin
 j - a +3 leather armour of fire resistance
 o - a +0 cloak of stealth (worn)
 r - a +0 scale mail (worn)
Jewellery
 k - the amulet of the Air (around neck) {Inacc Air Fly rElec RMsl}
   (You bought it in a shop in the Dungeon)

   [amulet of nothing]

   Inacc:     It reduces the accuracy of your attacks and spells.
   Air:       It enhances your air magic.
   rElec:     It insulates you from electricity.
   Fly:       It grants you flight.
   RMsl:      It protects you from missiles.
Wands
 i - a wand of paralysis (8) (quivered)
 l - a wand of flame (19)
 p - a wand of polymorph (10)
Scrolls
 h - a scroll of blinking
 m - a scroll of fog {unknown}
 n - a scroll of immolation {unknown}
 s - a scroll of identify {unknown}
Potions
 c - 3 potions of curing
 d - a potion of heal wounds
 f - 2 potions of magic
 g - a potion of berserk rage


   Skills:
 + Level 13.5 Fighting
 * Level 17.3 Axes
 + Level 13.3 Armour
 - Level 2.1 Dodging
 - Level 8.0 Evocations


You had 8 spell levels left.
You didn't know any spells.
Your spell library was empty.

Dungeon Overview and Level Annotations

Branches:
Dungeon (1/1)

Altars:
Cheibriados
Dithmenos
Elyvilon
Fedhas
Gozag
Hepliaklqana
Kikubaaqudgha
Makhleb
Nemelex Xobeh
Okawaru
Qazlal
Ru
Sif Muna
Trog
Uskayaw
Vehumet
Wu Jian
Xom
Yredelemnul
Zin
The Shining One
Jiyva
Lugonu

Shops:
D *=[


Innate Abilities, Weirdness & Mutations

You have a pair of horns on your head.
You reflexively headbutt those who attack you in melee.


Message History

You feel very sick. The redback bites you.
The redback bites you but does no damage.
You barely miss the redback. Your headbutt misses the redback.
The redback is heavily wounded.
You hit the redback.
You feel very sick. The redback closely misses you.
The redback barely misses you.
You hit the redback. You headbutt the redback.
The redback is almost dead.
You hit the redback but do no damage.
You feel sick. The redback closely misses you. You furiously retaliate!
You headbutt the redback! The redback bites you!
You miss the redback. Your headbutt misses the redback.
The redback is almost dead.
You closely miss the redback.
You feel sick. The redback closely misses you.
You hit the redback.
You kill the redback!
Trog accepts your kill.
You hit the redback.
You feel sick.
The redback bites you but does no damage.
You miss the redback. Your headbutt misses the redback.
The redback is almost dead.
You feel sick.
You miss the redback.
The redback is almost dead.
You feel sick. The redback bites you.
* * * LOW HITPOINT WARNING * * *
You closely miss the redback.
The redback is almost dead.
You feel sick. The redback bites you!
* * * LOW HITPOINT WARNING * * *
You completely miss the redback.
The redback is severely wounded.
You feel sick. The redback bites you.
* * * LOW HITPOINT WARNING * * *
You miss the redback.
The redback is severely wounded.
You feel sick. The redback bites you!
You die...

.#..'..#__#..+
.').#..'..'..#
'#####'#__####
.#...#(####§§####
##..##.#~~~§.#..#
_##'#_.'~§§.§§..#
..'..._#§§§.§#..#
_##_.#'##'#####'###
_###'#[#§.).###.@$#
####.####'###)###s#
..'...'.....')∩# .#
###.).########## $#
###.### §# #.#'#.#
§# #.....# .#
#.[...# §# #######


You could see a redback.

Vanquished Creatures
  2 centaur warriors (D)
  Sonja (D)
  A deep troll (D)
  An oklob plant (D)
  A hornet (D)
  Sigmund (D)
  A slime creature (D)
  A yak (D)
  A redback (D)
  An ogre (D)
  A jelly (D)
  Ijyb (D)
13 creatures vanquished.

Vanquished Creatures (others)
  2 ballistomycete spores (D)
2 creatures vanquished.

Grand Total: 15 creatures vanquished

Notes
Turn   | Place    | Note
-------+----------+-------------------------------------------
     0 | D        | bmack86 the Minotaur Berserker began the quest for the Orb.
     0 | D        | Reached XP level 1. HP: 19/19 MP: 0/0
     3 | D        | Noticed Ijyb
     8 | D        | Killed Ijyb
     9 | D        | Reached skill level 5 in Fighting
     9 | D        | Reached skill level 5 in Axes
     9 | D        | Reached XP level 2. HP: 29/29 MP: 1/1
    51 | D        | Noticed an ogre
    57 | D        | Killed an ogre
    58 | D        | Reached skill level 7 in Axes
    58 | D        | Reached XP level 3. HP: 37/39 MP: 2/2
    58 | D        | Reached XP level 4. HP: 45/47 MP: 3/3
   101 | D        | Noticed Sigmund
   104 | D        | Killed Sigmund
   104 | D        | Reached ** piety under Trog
   105 | D        | Reached skill level 9 in Axes
   105 | D        | Reached XP level 5. HP: 56/56 MP: 4/4
   105 | D        | Reached XP level 6. HP: 62/62 MP: 5/5
   152 | D        | Found a burning altar of Makhleb.
   152 | D        | Found a viscous altar of Jiyva.
   152 | D        | Found a shimmering altar of Xom.
   152 | D        | Found a corrupted altar of Lugonu.
   152 | D        | Noticed a slime creature
   158 | D        | Killed a slime creature
   159 | D        | Reached skill level 11 in Axes
   204 | D        | Found an ornate altar of the Wu Jian Council.
   204 | D        | Found a shimmering blue altar of Sif Muna.
   206 | D        | Found a radiant altar of Vehumet.
   236 | D        | Found Essu's Jewellery Emporium.
   236 | D        | Found an ancient bone altar of Kikubaaqudgha.
   236 | D        | Found a hazy altar of Hepliaklqana.
   236 | D        | Found a stormy altar of Qazlal.
   236 | D        | Found a hide-covered altar of Uskayaw.
   236 | D        | Found a blossoming altar of Fedhas.
   236 | D        | Found a bloodstained altar of Trog.
   236 | D        | Found an iron altar of Okawaru.
   236 | D        | Found a basalt altar of Yredelemnul.
   236 | D        | Found a glowing golden altar of the Shining One.
   236 | D        | Found a snail-covered altar of Cheibriados.
   236 | D        | Found a sacrificial altar of Ru.
   236 | D        | Found a glowing silver altar of Zin.
   236 | D        | Found a shadowy altar of Dithmenos.
   236 | D        | Found a white marble altar of Elyvilon.
   236 | D        | Noticed a yak
   245 | D        | Killed a yak
   246 | D        | Reached skill level 12 in Axes
   246 | D        | Reached skill level 5 in Evocations
   246 | D        | Reached XP level 7. HP: 47/71 MP: 6/6
   246 | D        | Found an opulent altar of Gozag.
   247 | D        | Found a sparkling altar of Nemelex Xobeh.
   251 | D        | Bought the amulet of the Air {Inacc Air Fly rElec RMsl} for
                  | 413 gold pieces
   251 | D        | Found the amulet of the Air {Inacc Air Fly rElec RMsl}
   327 | D        | Noticed a centaur warrior
   327 | D        | Noticed a centaur warrior
   345 | D        | Killed a centaur warrior
   345 | D        | Reached *** piety under Trog
   346 | D        | Reached skill level 13 in Axes
   346 | D        | Reached skill level 10 in Armour
   346 | D        | Reached XP level 8. HP: 37/82 MP: 7/7
   348 | D        | Killed a centaur warrior
   349 | D        | Reached skill level 14 in Axes
   525 | D        | Noticed a hornet
   528 | D        | Paralysed by a hornet for 3 turns
   533 | D        | Killed a hornet
   534 | D        | Reached skill level 15 in Axes
   587 | D        | Noticed a deep troll
   592 | D        | Killed a deep troll
   593 | D        | Reached skill level 16 in Axes
   593 | D        | Reached XP level 9. HP: 49/91 MP: 8/8
   605 | D        | Found Ideimp's Armour Emporium.
   608 | D        | Identified the +0 rapier "Ununeid" {drain, rN+ SInv}
   611 | D        | Bought a +0 cloak of stealth for 149 gold pieces
   755 | D        | Noticed Sonja
   762 | D        | Killed Sonja
   762 | D        | Reached **** piety under Trog
   824 | D        | Found Ushreimi's General Store.
   861 | D        | Noticed an oklob plant
   868 | D        | Killed an oklob plant
   869 | D        | Reached skill level 17 in Axes
   887 | D        | Slain by a redback

Illustrated notes

Levels and vault maps discovered:
D:        dungeon_sprint_1 [red_sonja_temple_1, red_sonja_temple_small_1]

Skill      XL: |  1  2  3  4  5  6  7  8  9 |
---------------+----------------------------+-----
Fighting       | 5 7 8 9 11 12 13 | 13.5
Axes           | 5 7 9 12 13 16 17 | 17.3
Armour         | 4 6 8 9 10 12 13 | 13.3
Evocations     | 3 5 6 7 8 |  8.0
Dodging        | |  2.1

Action                     |  1- 3 |  4- 6 |  7- 9 || total
---------------------------+-------+-------+-------++-------
  Melee: Hand axe          |     9 |    16 |    37 ||    62
         Headbutt          |     1 |     8 |     8 ||    17
         Punch             |       |       |     2 ||     2
 Invoke: Berserk           |     2 |     2 |     5 ||     9
  Evoke: Wand              |       |       |     2 ||     2
    Use: Potion            |       |       |     1 ||     1
   Stab: Paralysed         |       |       |     1 ||     1
 Armour: Leather armour    |       |     2 |     8 ||    10
         Scale mail        |       |       |     4 ||     4
  Dodge: Dodged            |     1 |     3 |    16 ||    20
         Repelled          |       |       |     1 ||     1

Table legend: (Time is in decaauts)
 A = Elapsed time spent in this place.
 B = Non-inter-level travel time spent in this place.
 C = Inter-level travel time spent in this place.
 D = Time resting spent in this place.
 E = Time spent auto-exploring this place.
 F = Levels seen in this place.
 G = Mean time per level.
                   A        B        C        D        E       F      G
               +--------+--------+--------+--------+--------+-----+--------+
         Total |    955 |    955 |      0 |    556 |      0 |   1 |  955.0 |
       Dungeon |    955 |    955 |      0 |    556 |      0 |   1 |  955.0 |
               +--------+--------+--------+--------+--------+-----+--------+

Top non-repeatable levels by time:
       D: 955 daAuts
